[Event "Silves Open 2025"]
[Site "Fissul"]
[Date "2025.03.03"]
[Round "1.26"]
[White "Esteves, Goncalo Maria Franco"]
[Black "Tacuchian, Marcelo Oliveira"]
[Result "1-0"]
[Annotator "TA"]
[ECO "A39"]
[WhiteElo "1962"]
[BlackElo "1620"]
[PlyCount "73"]
[EventDate "2025.03.03"]
[EventType "swiss"]
[EventCountry "POR"]
[SourceTitle "playchess.com"]
[Source "ChessBase"]
[SourceQuality "1"]
[TimeControl "5400+30"]

1. c4 c5 2. Nc3 Nf6 3. g3 Nc6 4. Bg2 g6 5. Nf3 Bg7 6. O-O O-O 7. d4 cxd4 8. Nxd4 a6 9. c5 Ng4 {[%emt 0:05:39] A39: Symmetrical English vs ...g6: 4 Bg2 Bg7 5 Nf3 Nf6 6 0-0 0-0 7 d4.} 10. Nb3 Bxc3 (10... a5 $11) 11. bxc3 $16 Qc7 $146 {[%emt 0:00:50] White is better.} (11... Nge5 12. e4 b5 13. cxb6 Qxb6 14. Be3 Qc7 15. f4 Nc4 16. Bf2 d6 17. Qe2 Nb6 {1-0 Jurek,J (2206)-Jakl,A (1986) Pilsen Region-chT 2223 2022 (5.3)}) 12. h3 Nf6 {[%emt 0:00:51] A sharp opening} (12... Nge5 $142) 13. Bh6 Rd8 14. Bf4 {[%emt 0:00:36] A strong pair of Bishops.} e5 {[%emt 0:00:40] Black is weak on the dark squares} (14... d6 $16 15. cxd6 exd6) 15. Bg5 $18 Kg7 16. f4 {[%emt 0:01:10][%cal Bf2f4,Bf4e5,Be5f6][%mdl 32] [#]} h6 17. Bh4 (17. Bxf6+ $18 Kxf6 18. fxe5+ Kg7 19. Qd6 Qxd6 20. exd6) 17... Re8 (17... exf4 $16 18. Bxf6+ (18. Rxf4 g5 $15) (18. gxf4 d5 $11) 18... Kxf6) 18. fxe5 Ng8 19. Bf6+ (19. Qd6 Qxd6 20. exd6 g5 $11) (19. Bd5 $18 Nxe5 20. g4) 19... Nxf6 $16 20. exf6+ (20. Rxf6 $6 Qxe5 21. Rf3 Rb8 $11) 20... Kg8 (20... Kh7 $16) 21. Rf4 $18 Re3 22. Qd6 (22. Qd2 $18 Rxg3 23. Re4) 22... Qxd6 $14 23. cxd6 Rxe2 (23... Rxg3 $14 24. Re4 Kf8) 24. Re4 $18 Rxe4 25. Bxe4 Nd8 26. Nc5 {[%emt 0:01:06] Na4 is the strong threat.} Rb8 27. Rb1 $36 {[%emt 0:00:05][%mdl 2048] White is on the roll.} b6 28. Na4 (28. Kf2 $18 {has better winning chances.}) 28... b5 $16 29. Nc5 {[%emt 0:05:06] White is much more active.} Ne6 ({Better is} 29... Rb6) 30. Nxe6 dxe6 {[%emt 0:00:00][%mdl 4096] Endgame KRB-KRB} (30... fxe6 $16 {might work better.} 31. Bxg6 Bb7) 31. Bc6 (31. c4 $142) 31... Bb7 $2 (31... Rb6 32. d7 Bxd7 33. Bxd7 Rd6) 32. Bxb7 $18 Rxb7 33. c4 Kf8 34. c5 {[%emt 0:00:00] Threatening mate with c6.} Ke8 35. c6 Rb6 {[%emt 0:00:00] [#]} 36. Rc1 Rb8 37. d7+ {[%emt 0:00:00] Weighted Error Value: White=0.39/Black=0.79  Loses game:     	---       	Black=1      Mistake:       	White=5     	Black=8      Inaccurate:     	White=1     	---        OK:         	White=6     	Black=5      Best:        	White=4     	Black=3} 1-0

[Event "Silves Open 2025"]
[Site "Fissul"]
[Date "2025.03.03"]
[Round "1.28"]
[White "Sanchez Guirado, Francisco"]
[Black "Machado, Manuel Antonio Ribei"]
[Result "1-0"]
[Annotator "TA"]
[ECO "A36"]
[WhiteElo "2286"]
[BlackElo "1796"]
[PlyCount "77"]
[EventDate "2025.03.03"]
[EventType "swiss"]
[EventCountry "POR"]
[SourceTitle "playchess.com"]
[Source "ChessBase"]
[SourceQuality "1"]
[TimeControl "5400+30"]

1. c4 c5 2. Nc3 Nc6 3. g3 g6 4. Bg2 Bg7 5. a3 Nf6 6. Rb1 O-O 7. b4 cxb4 8. axb4 e6 {[%emt 0:01:51] A36: Symmetrical English vs ...g6: 4 Bg2 Bg7.} 9. Nf3 d6 (9... d5 $11) 10. O-O $14 Re8 $146 {[%emt 0:05:55] White is slightly better.} (10... d5 11. d3 h6 12. Ba3 Re8 13. Qc1 a6 14. b5 Ne7 15. Bc5 b6 16. Bd4 Nf5 17. Bxf6 Bxf6 {1-0 Szczurek,K (2078)-Grunert,F (1750) EU Union-ch U14 2017 (1)}) 11. d4 Qe7 12. b5 (12. e4 {looks sharper.} e5 13. Bg5 Bg4 14. Nd5) 12... Nb8 13. Ba3 {[%emt 0:02:16] White is more active.} Nfd7 $2 {[%emt 0:04:54][%mdl 8192] This costs Black the game.} (13... a6 $16 14. Qa4 h6) 14. e4 (14. Ne4 $142) 14... Nc5 $2 (14... Nb6) 15. Qd2 Ncd7 {[%emt 0:04:03] [#]} 16. e5 $1 Nb6 17. exd6 ({Weaker is} 17. Bxd6 Nxc4 18. Bxe7 Nxd2 $18) 17... Qd7 {[%emt 0:00:12] Black is weak on the dark squares} 18. Qd3 Bf8 19. Ne5 Qd8 20. c5 N6d7 21. c6 Nxe5 22. dxe5 bxc6 23. bxc6 Ba6 24. Nb5 Qa5 25. Rfc1 Bh6 26. Rc5 Rd8 27. c7 Nd7 28. cxd8=Q+ Rxd8 29. Qc3 Qb6 30. Rc6 Qb7 31. Qa5 Rc8 32. Rxa6 Qb8 33. Nc3 Nb6 34. Rbxb6 {[%emt 0:00:17] White mates.} axb6 35. Rxb6 Qxb6 36. Qxb6 Rxc3 37. d7 Rxa3 38. d8=Q+ Bf8 {[%emt 0:21:17] [#]} 39. Qxf8+ {[%emt 0:00:13] Weighted Error Value: White=0.12 (very precise) /Black=0.94  Loses game:     	---       	Black=1      Mistake:       	White=1     	Black=2      Inaccurate:     	White=1     	Black=1      OK:         	White=5     	Black=1} 1-0

[Event "Silves Open 2025"]
[Site "Fissul"]
[Date "2025.03.03"]
[Round "1.30"]
[White "Finkler, Kai Andreas"]
[Black "Ribeiro, Margarida"]
[Result "1-0"]
[Annotator "TA"]
[ECO "C44"]
[WhiteElo "1990"]
[BlackElo "1519"]
[PlyCount "57"]
[EventDate "2025.03.03"]
[EventType "swiss"]
[EventCountry "POR"]
[SourceTitle "playchess.com"]
[Source "ChessBase"]
[SourceQuality "1"]
[TimeControl "5400+30"]

1. e4 e5 2. Nf3 Nc6 3. d4 exd4 4. c3 dxc3 5. Nxc3 Bc5 6. Bc4 h6 {[%emt 0:00:30] [#] C44: Ponziani Opening and Scotch Gambit.} (6... d6 $11) 7. Bxf7+ $1 $16 Kxf7 8. Qd5+ Ke8 {[%emt 0:00:30] Strongly threatening ...d6. White is better.} 9. Qxc5 {[%emt 0:00:30] White has more active pieces.} d6 10. Qh5+ Kf8 11. O-O Nf6 12. Qb5 a6 13. Qe2 $146 (13. Qb3 Qe7 14. Nd5 Nxd5 15. exd5 Na5 16. Qc3 b6 17. Be3 Bg4 18. Bd4 Bxf3 19. Qxf3+ {1-0 Goredema,D (1620)-Paupamah,P (1215) RSA-chT U20 Cape Town 2016 (3.5)}) 13... Bg4 14. Qe3 Nb4 15. Ne1 {[%emt 0:00:30] Prevents Nc2} Kf7 16. a3 (16. f3 $16 Be6 17. Rf2) 16... Nc6 $14 17. f4 Be6 18. e5 $36 {[%emt 0:00:30][%cal Be4e5,Be5e6][%mdl 2080] White has some pressure.} Nd5 19. Qe4 Nxc3 20. bxc3 {[%emt 0:00:30] [#]} d5 (20... dxe5 $11 {keeps the balance.} 21. f5 (21. fxe5+ Kg8 $17) 21... Bd5) 21. Qc2 $16 {[%emt 0:00:30] f5 would now be deadly.} d4 {[%emt 0:00:30] A mistake that costs the game.} (21... g6 $16) 22. f5 $18 Bc4 23. e6+ Ke7 24. Rf4 d3 (24... Qd5 {is more resistant.} 25. Nf3 d3) 25. Qf2 Qd5 26. Nf3 Rhf8 27. Nd2 b5 (27... g5 $142) 28. a4 Na5 29. Ba3+ {[%emt 0:00:30] Weighted Error Value: White=0.22 (precise) /Black=0.87  Mistake:       	White=1     	Black=4      Inaccurate:     	White=3     	Black=4      OK:         	White=7     	Black=11     Best:        	White=2     	Black=2      Brilliant:      	White=1     	---} 1-0

[Event "Silves Open 2025"]
[Site "Fissul"]
[Date "2025.03.03"]
[Round "1.31"]
[White "Opatskyy, Danylo"]
[Black "Goncalves, Diogo Figueiredo"]
[Result "0-1"]
[Annotator "TA"]
[ECO "B50"]
[WhiteElo "1490"]
[BlackElo "1985"]
[PlyCount "66"]
[EventDate "2025.03.03"]
[EventType "swiss"]
[EventCountry "POR"]
[SourceTitle "playchess.com"]
[Source "ChessBase"]
[SourceQuality "1"]
[TimeControl "5400+30"]

1. e4 c5 2. Nf3 d6 3. Bc4 Nf6 4. Nc3 Nc6 5. d3 e6 6. Bg5 Be7 7. O-O a6 8. a4 O-O 9. Re1 {[%emt 0:00:38] B50: Sicilian: 2...d6, Miscellaneous.} h6 10. Bh4 g5 $146 (10... Nb4 11. h3 d5 12. exd5 exd5 13. Bb3 Be6 14. a5 Rc8 15. Ne2 Qc7 16. Bg3 Bd6 {0-1 Schutte,W (1572)-Smietanska,W (1937) Titled Tuesday intern op 27th Feb Early blitz 2024 (9)}) 11. Bg3 {[%emt 0:07:42] The position is equal.} d5 ({Black should play} 11... Nh5 $15) 12. exd5 exd5 13. Ba2 Bg4 14. Be5 (14. h4 $14 {keeps the upper hand.}) 14... Nxe5 $17 15. Rxe5 Bd6 16. Re1 Qd7 (16... Bf4 $17 17. h3 Bh5) 17. Nxd5 Nxd5 18. Bxd5 {[%emt 0:01:46] [#]} Bxh2+ 19. Kxh2 Qxd5 20. Re3 Rfe8 21. Rb1 (21. Qe2 $11 {keeps the balance.} Qd6+ 22. Kg1 Rxe3 23. Qxe3) 21... b5 (21... Rxe3 $17 22. fxe3 c4) 22. axb5 axb5 23. b3 (23. Qe2 $15 Rxe3 24. Qxe3) 23... Rxe3 24. fxe3 Ra2 25. Kg1 (25. Rc1 $17) 25... Bxf3 $19 26. gxf3 {[%emt 0:00:07][%mdl 4096] Endgame KQR-KQR} Qe5 27. e4 (27. Qe2 {was necessary.}) 27... Qg3+ 28. Kf1 Qh2 29. Rc1 h5 $40 {[%emt 0:02:21][%cal Og5g4][%mdl 128] White must now prevent ...g4!. Black has strong attack.} 30. Ke1 h4 {[%emt 0:00:56] Black is much more active.} 31. Qe2 {[%emt 0:00:06] [#] Against h3} (31. Qd2 $17 Qg1+ 32. Ke2 Qh2+ 33. Ke1) 31... Qg1+ $1 32. Qf1 $2 (32. Kd2 $19 Qg3 33. e5) 32... Qe3+ 33. Kd1 {[%emt 0:00:08] [#]} Qxc1+ $3 {[%emt 0:01:09][%mdl 512] Weighted Error Value: White=0.53/Black=0.19 (very precise)   Mistake:       	White=7     	Black=3      Inaccurate:     	White=1     	Black=2      OK:         	White=5     	Black=8      Best:        	White=1     	Black=4      Brilliant:      	---       	Black=1} 0-1

[Event "Silves Open 2025"]
[Site "Fissul"]
[Date "2025.03.03"]
[Round "1.32"]
[White "Esteves, Goncalo Maria Franco"]
[Black "Goncalves, Beatriz M A C Nunes"]
[Result "1-0"]
[Annotator "TA"]
[ECO "A05"]
[WhiteElo "1962"]
[BlackElo "1458"]
[PlyCount "133"]
[EventDate "2025.03.03"]
[EventType "swiss"]
[EventCountry "POR"]
[SourceTitle "playchess.com"]
[Source "ChessBase"]
[SourceQuality "1"]
[TimeControl "5400+30"]

1. Nf3 d5 2. g3 c5 3. Bg2 g6 4. O-O Bg7 5. d3 Nf6 6. a3 O-O 7. Nc3 Nc6 8. Rb1 Be6 $146 {[%emt 0:05:38] A05: Réti Opening: 1 Nf3 Nf6.} (8... b6 9. b4 cxb4 10. axb4 Bb7 11. b5 Nb8 12. Na2 Nfd7 13. Bb2 Bxb2 14. Rxb2 a5 15. bxa6 Nxa6 16. d4 {½-½ Zhao,J (2578)-Swiercz,D (2616) Qatar Masters op 2014 (7)}) 9. Bd2 h6 10. b4 cxb4 {[%emt 0:01:34] White is slightly better.} 11. axb4 Qc8 12. b5 Nd8 13. Qc1 Kh7 (13... Bh3 $14) 14. Qa3 {[%emt 0:01:17] White plays on the queen side and is better} Re8 15. Rfe1 Bh3 16. Qb3 Bxg2 17. Kxg2 e6 18. e4 dxe4 19. Nxe4 Nxe4 20. Rxe4 a6 21. Rc4 Qd7 22. Bc3 Qxb5 23. Qxb5 axb5 24. Rxb5 Rb8 (24... Bxc3 $14 25. Rxc3 Re7) 25. Be5 Bxe5 26. Nxe5 Kg7 (26... Re7 $142) 27. Rc7 $16 Ra8 {[%emt 0:45:49] Inhibits Ra5.} 28. Nc4 {[%emt 0:01:14] White has more active pieces.} Kf8 29. Nb6 $36 {[%emt 0:03:40][%mdl 2048] White is on the roll.} Ra7 30. Nd7+ Kg7 31. Rc8 f6 32. Nb6 (32. Nc5 $18 {[%cal Oc8d8] and Rxd8! should not be overlooked} Kf7 33. c3) 32... Kf7 $2 {[%emt 0:00:00] Black cannot hold the game after this.} (32... g5 $16 33. Rc7+ Kg6) 33. Rc7+ $18 Kg8 34. Nd7 {[%emt 0:02:15] Against Rf8} Kf7 35. Ne5+ Kg8 36. Nxg6 Nc6 (36... e5 $142 37. Ne7+ Kh8) 37. Rbxb7 Rxb7 38. Rxb7 {[%emt 0:00:07][%mdl 4096] Endgame KRN-KRN. White is two pawns up.} Nd4 39. c4 Rd8 40. Rc7 Nf5 41. g4 Ng7 {[%emt 0:00:00] [#]} 42. Rc8 $1 Rxc8 43. Ne7+ Kf7 44. Nxc8 {[%emt 0:00:09] KN-KN. White is two pawns up.} h5 45. h3 e5 (45... hxg4 $142 46. hxg4 f5) 46. Nd6+ Ke6 47. Nb5 hxg4 48. hxg4 Kd7 49. Nc3 Ne6 50. Ne2 ({Weaker is} 50. Nd5 Nc5 51. Nxf6+ Ke6 $18) 50... Kc6 (50... Nc5 $142 51. Nc1 Ke6) 51. Kf3 Ng5+ 52. Ke3 Kc5 53. Ng3 Kd6 54. Ne4+ {[%emt 0:00:11] White mates.} Nxe4 55. Kxe4 {[%emt 0:00:08] KP-KP. White is two pawns up.} Kc5 {[%emt 0:00:00] [#]} 56. g5 $1 fxg5 57. Kxe5 g4 58. d4+ Kxc4 {[%emt 0:00:00] KPP-KP. White is a pawn up.} 59. d5 Kd3 60. d6 Ke2 61. Kf4 Kxf2 62. Kxg4 {[%emt 0:01:00] KP-K. White is a pawn up.} Kg1 63. d7 Kh1 64. d8=Q Kh2 65. Qd2+ Kh1 66. Kf3 Kg1 67. Qg2# {[%emt 0:00:08] Weighted Error Value: White=0.25 (precise) /Black=0.43  Loses game:     	---       	Black=1      Mistake:       	White=1     	Black=6      Inaccurate:     	White=4     	Black=6      OK:         	White=15    	Black=13     Best:        	White=4     	Black=3} 1-0

[Event "Silves Open 2025"]
[Site "Fissul"]
[Date "2025.03.03"]
[Round "1.35"]
[White "De Oliveira, Victor Gabriel C."]
[Black "Avelino, Camila Biscaya"]
[Result "0-1"]
[Annotator "TA"]
[ECO "B56"]
[WhiteElo "2176"]
[BlackElo "1906"]
[PlyCount "42"]
[EventDate "2025.03.03"]
[EventType "swiss"]
[EventCountry "POR"]
[SourceTitle "playchess.com"]
[Source "ChessBase"]
[SourceQuality "1"]
[TimeControl "5400+30"]

1. e4 c5 2. Nf3 d6 3. d4 cxd4 4. Nxd4 Nf6 5. Nc3 Nc6 6. Nxc6 bxc6 7. Be2 g6 {[%emt 0:00:30] B56: Classical Sicilian: Unusual Lines.} 8. O-O Bg7 9. Bf4 O-O {[%emt 0:00:30] The position is equal.} 10. e5 $146 (10. Qd2 Qb6 11. Rab1 Rd8 12. Be3 Qc7 13. Bh6 d5 14. Bxg7 Kxg7 15. exd5 cxd5 16. Nb5 {0-1 Haubro,S (2153)-Vasli,A (2237) Copenhagen Obro New Year op 2018 (7)}) 10... dxe5 11. Qxd8 Rxd8 12. Bxe5 Bf5 13. Bf3 Rac8 14. Rad1 Rxd1 15. Bxd1 Bh6 (15... Nd5 $15 {feels stronger.} 16. Bxg7 Kxg7) 16. Bxf6 exf6 17. Re1 Bd2 18. Re7 Rd8 $36 {[%emt 0:00:30][%mdl 2048] Black is pushing.} 19. Rxa7 $2 {[%emt 0:00:30][%mdl 8192] [#]} ({Better is} 19. Bf3 $15) 19... Bxc3 $19 20. Bf3 Bxb2 21. Bxc6 Rd1# {[%emt 0:00:30] Weighted Error Value: White=0.96/Black=0.10 (very precise)   Loses game:     	White=1     	---        Mistake:       	---       	Black=1      Inaccurate:     	White=4     	Black=2      OK:         	White=5     	Black=5      Best:        	---       	Black=2} 0-1

[Event "Silves Open 2025"]
[Site "Fissul"]
[Date "2025.03.03"]
[Round "2.1"]
[White "Espinosa Aranda, Angel"]
[Black "Boesel, Alexander"]
[Result "0-1"]
[Annotator "TA"]
[ECO "B10"]
[WhiteElo "2442"]
[BlackElo "2046"]
[PlyCount "104"]
[EventDate "2025.03.03"]
[EventType "swiss"]
[EventCountry "POR"]
[SourceTitle "playchess.com"]
[Source "ChessBase"]
[SourceQuality "1"]
[TimeControl "5400+30"]

1. e4 c6 2. Nf3 d5 3. d3 Bg4 4. h3 Bxf3 5. Qxf3 e5 6. g3 {[%emt 0:04:25] B10: Caro-Kann: 2 d3 and 2 c4.} Nf6 7. Bg2 dxe4 8. dxe4 {[%emt 0:00:10] White has an edge.} Nbd7 9. O-O Bc5 10. Nd2 b5 11. Rd1 $146 (11. a4 a6 12. Nb3 Bb4 13. Rd1 O-O 14. Bg5 Qc7 15. Bf1 h6 16. Bxf6 Nxf6 17. axb5 axb5 {1-0 Halmeenmaki,T (2167)-Jarvenpaa,J (2268) FIN-chT 1617 2016 (1.6)}) 11... Qc7 12. a4 O-O 13. Nf1 Rfd8 14. h4 Nb6 15. Rxd8+ Rxd8 16. axb5 cxb5 17. Bg5 (17. h5 $14) 17... Rd6 18. Qe2 Nc4 19. b3 Na3 20. c3 $1 b4 (20... a5 $16 {was called for.}) 21. cxb4 $18 Bxb4 22. Ne3 {[%emt 0:02:14] Prevents Nc2} Qc3 (22... Qb8 $142 23. Bxf6 Rxf6) 23. Qf1 $1 Qxb3 24. Rc1 h6 25. Rc8+ Kh7 26. Bxf6 Rxf6 27. Nd5 Rd6 $2 (27... Rb6 28. Nxb6 axb6) 28. Qe2 Ba5 29. Qg4 Qb7 $2 (29... g6 30. Rf8 Qb7) 30. Rf8 $2 (30. Re8 {White wants to mate with Qf5+.} Nc4 31. Qf5+ Rg6 32. h5) 30... g6 {[%emt 0:00:57] Prevents Qf5} 31. Qf3 Kg7 {[%emt 0:00:34] Prevents Nf6.} 32. Re8 (32. Qxa3 Rxd5 33. exd5 Bb4 $16) 32... Rxd5 33. exd5 {[%emt 0:00:00][%csl Od5] White has a strong passed pawn} Nc4 34. Qe4 $2 (34. Qe2 $18 {is more deadly.} Qd7 35. Ra8) 34... Qd7 $16 35. Ra8 Qb7 {[%emt 0:01:26] [#]} 36. Re8 (36. d6 $1 $16 Qxe4 37. Bxe4 Nxd6 38. Rxa7) 36... Qd7 $11 37. Rb8 Qc7 38. Qb1 (38. Re8 $11 Qd7) 38... Bb6 $17 {[%emt 0:00:38][%mdl 1024] Black has strong compensation.} 39. Ra8 {[%emt 0:00:00] [#]} ({White should play} 39. Qc2 Qxb8 40. Qxc4) 39... Nd6 $2 ({Better is} 39... Bxf2+ $1 $17 40. Kh1 (40. Kxf2 $2 {is the wrong capture.} Qc5+ 41. Kf3 Nd2+ 42. Kg4 Nxb1 $19) 40... Bxg3) 40. Qb2 f6 41. Qb4 (41. Qa3 $5) 41... h5 42. Qa4 Qc1+ 43. Kh2 {[%emt 0:00:00] and Qd7+ would now be decisive} Bxf2 {[%emt 0:00:07] and ...Qe3 should not be overlooked} 44. Qd7+ Nf7 {[%emt 0:00:15] ( -> ...g5)} 45. Qe7 {[%emt 0:00:00] Counterplay Black} Bc5 $36 {[%emt 0:01:32][%mdl 2048] Black fights for an advantage. Dancing on a razor blade.} 46. Qe8 $2 (46. d6 $15 Qg1+ (46... Bxd6 47. Qe8 $11) 47. Kh3 Bxd6 48. Qxa7) 46... g5 (46... Qg1+ $142 47. Kh3 g5 48. Qg8+ Kh6 49. hxg5+ Nxg5+ 50. Qxg5+ fxg5 51. Rh8+ Kg7 52. Rxh5 Kg6 (52... g4+ $2 53. Kxg4 Qxg2 54. Rg5+ Kf6 55. Rf5+ Ke7 56. Rxe5+ Kd6 57. Rf5 $19) 53. Rh8 g4+ 54. Kxg4 Qxg2 55. Rg8+ Kh7 56. Rg5 Qe4+ (56... Qxd5 $2 57. Kf5 $19) 57. Kh3 Kh6 (57... Qxd5 58. Kg4 Qd7+ 59. Kf3 Qd3+ 60. Kg4 Qe4+ 61. Kh3 Kh6 62. Rxe5 Qxe5 63. Kg4 Qe4+ 64. Kh3 Qf3 65. Kh2 Qf1 66. g4 Bd6#) 58. Rxe5 Qxe5 59. g4 Qe3+ (59... Qxd5 {is a self mate.} 60. Kg3 Qd3+ 61. Kh2 Qf1 62. g5+ Kh5 63. Kg3 Bd6#) 60. Kg2 Kg5 61. Kh2 Kxg4 62. Kh1 Qh3#) 47. Qg8+ $19 Kh6 48. hxg5+ fxg5 {[%emt 0:00:12] ( -> ...Qg1+)} 49. g4 Bg1+ {[%emt 0:01:11] Black mates.} 50. Kh1 Be3+ 51. Kh2 Bf4+ 52. Kh3 Qe3+ {[%emt 0:00:07] What a bad dream for White.   Weighted Error Value: White=0.55/Black=0.38  Loses game:     	White=1     	---        Missed win:     	White=1     	---        Mistake:       	White=5     	Black=6      Inaccurate:     	White=2     	Black=3      OK:         	White=11    	Black=11     Best:        	White=6     	Black=7      Strong:       	White=2     	---} 0-1

[Event "Silves Open 2025"]
[Site "Fissul"]
[Date "2025.03.03"]
[Round "2.3"]
[White "Martins, Bruno Andre Leite"]
[Black "Esteves, Goncalo Maria Franco"]
[Result "1-0"]
[Annotator "TA"]
[ECO "C10"]
[WhiteElo "2360"]
[BlackElo "1962"]
[PlyCount "30"]
[EventDate "2025.03.03"]
[EventType "swiss"]
[EventCountry "POR"]
[SourceTitle "playchess.com"]
[Source "ChessBase"]
[SourceQuality "1"]
[TimeControl "5400+30"]

1. e4 e6 2. d4 d5 3. Nd2 dxe4 4. Nxe4 Bd7 5. Nf3 Bc6 6. Bd3 Nd7 7. O-O Ngf6 8. Ng3 Be7 9. Re1 O-O 10. Bf4 {[%emt 0:13:09] C10: French with 3 Nc3: Unusual Black 3rd moves and 3...dxe4.} Nd5 (10... Bxf3 $11 11. Qxf3 c5) 11. Bd2 $14 b5 $146 (11... Nb4 12. Be2 Bxf3 13. Bxf3 c6 14. c3 Nd5 15. Qc2 Qc7 16. Rad1 Rfe8 17. c4 Nf4 {1-0 Svane,F (2493)-Janaszak,D (2333) Titled Tuesday intern op 25th Jan blitz 2022 (3)}) 12. c3 a6 13. Qe2 N5b6 14. Nh5 {[%emt 0:09:24] White is more active.} Nf6 $2 {[%emt 0:23:46] [#]} (14... Bxf3 $14 15. Qxf3 g6) 15. Ng5 $1 $18 {[%emt 0:12:45] Nxf6+ would now be deadly.} Nxh5 $2 {[%emt 0:26:44] Black did not feel at home in the position after the opening.   Weighted Error Value: White=0.07 (flawless) /Black=0.69  Loses game:     	---       	Black=1      Mistake:       	---       	Black=2      OK:         	---       	Black=1      Best:        	White=1     	---        Strong:       	White=1     	---} (15... g6) 1-0

[Event "Silves Open 2025"]
[Site "Fissul"]
[Date "2025.03.03"]
[Round "2.5"]
[White "Moldovan, Lucas Gabriel"]
[Black "Alshameary Puente, Ismael"]
[Result "0-1"]
[Annotator "TA"]
[ECO "B24"]
[WhiteElo "1992"]
[BlackElo "2343"]
[PlyCount "52"]
[EventDate "2025.03.03"]
[EventType "swiss"]
[EventCountry "POR"]
[SourceTitle "playchess.com"]
[Source "ChessBase"]
[SourceQuality "1"]
[TimeControl "5400+30"]

1. e4 c5 2. Nc3 e6 3. g3 d5 4. Bg2 Nf6 5. d3 Nc6 6. Nh3 Be7 7. O-O O-O 8. f4 dxe4 {[%emt 0:00:30] B24: Closed Sicilian: 3 g3 sidelines.} 9. Nxe4 Qc7 10. Nhg5 Nd5 $146 {[%emt 0:00:30] Black has an edge.} (10... Rd8 11. Nxf6+ Bxf6 12. Qh5 h6 13. Ne4 Bd4+ 14. Kh1 f5 15. c3 fxe4 16. cxd4 exd3 17. Qxc5 {0-1 Neuman Zakoucka,A-Weber,M (2225) Berlin Spandau op 2018 (6)}) 11. Nc3 Nxc3 12. bxc3 {A sharp opening} h6 13. Ne4 f5 14. Nf2 Bf6 15. Bd2 Bd7 16. Rb1 Rad8 17. Be3 (17. g4 $11) 17... b6 (17... Bxc3 $17 18. Bxc5 Rf7) 18. c4 Bc8 19. Qh5 Nb4 20. Nh3 $2 {[%mdl 8192] [#] White does not recover from this.} (20. Qe2 $17) 20... Nxc2 $19 (20... Nxa2 $2 21. g4 $19) 21. Bf2 Nb4 22. d4 Bxd4 ({But not} 22... Nxa2 23. dxc5 bxc5 24. Rbe1) 23. Bxd4 Rxd4 24. a3 Nc6 25. Ng5 $2 {[#]} (25. Rbc1) 25... hxg5 26. fxg5 Ne7 {[%emt 0:00:30] Weighted Error Value: White=0.56/Black=0.14 (very precise)   Loses game:     	White=1     	---        Mistake:       	White=2     	Black=1      Inaccurate:     	White=3     	Black=1      OK:         	White=3     	Black=5      Best:        	---       	Black=2} (26... Rxc4 27. g6 Re8 28. Rbe1 $11) 0-1